 Dungeon Sprint DCSS version 0.21-a0-321-g91e3373 (webtiles) character file.

686 minicreteconcrete the Summoner (level 7, 0/85 HPs)
             Began as a Gnoll Summoner on Sept 30, 2017.
             Was an Elder of Sif Muna.
             Slain by a demonic crawler (9 damage)
             ... in the Dungeon (Sprint VII: "The Pits").
             The game lasted 00:07:17 (495 turns).

minicreteconcrete the Summoner (Gnoll Summoner)      Turns: 495, Time: 00:07:18

Health: 0/85       AC:  2    Str: 16    XL:     7   Next: 62%
Magic:  17/17      EV: 17    Int: 17    God:    Sif Muna [****..]
Gold:   0          SH:  0    Dex: 17    Spells: 8/20 levels left

rFire    . . .     SeeInvis .   a - +0 demon trident (elec)
rCold    . . .     Gourm    .   (no shield)
rNeg     . . .     Faith    .   j - +0 robe
rPois    .         Spirit   .   (no helmet)
rElec    .         Reflect  .   (no cloak)
rCorr    .         Harm     .   (no gloves)
MR       .....     NoTele   +   (no boots)
Stlth    ..........             (no amulet)
HPRegen  0.24/turn              (no ring)
MPRegen  0.15/turn              (no ring)

@: berserking, very slightly contaminated, very quick
A: distributed training, fangs 1, strong nose
a: Divine Energy, Channel Magic, Forget Spell, Renounce Religion


You were in the Dungeon.
You worshipped Sif Muna.
Sif Muna was greatly pleased with you.
You were hungry.

You visited 1 branch

Inventory:

Hand Weapons
 a - a +0 demon trident of electrocution (weapon)
 u - a +0 whip of flaming
 w - a +0 trident of piercing
 x - a +1 quarterstaff of protection
 y - a +2 trident
Missiles
 l - 10 stones (quivered)
Armour
 j - a +0 robe (worn)
Magical Staves
 b - an uncursed staff of energy
Scrolls
 n - 2 scrolls of remove curse
 o - 5 scrolls of amnesia
 p - a scroll of summoning
 q - 2 scrolls of vulnerability
Potions
 d - 6 potions of curing
 e - a potion of ambrosia {unknown}
 f - a potion of haste
 g - 4 potions of magic
 k - 2 potions of invisibility
 v - 5 potions of heal wounds
Books
 m - a book of Callings

   Spells                             Type                      Level
   a - Summon Small Mammal            Summoning                    1
   b - Call Imp                       Summoning                    2
   c - Call Canine Familiar           Summoning                    3
   d - Summon Guardian Golem          Hexes/Summoning              3
   e - Summon Lightning Spire         Summoning/Air                4
   f - Summon Ice Beast               Ice/Summoning                4
Comestibles
 c - 8 bread rations
 r - 40 fruits
 s - 7 meat rations
 t - 2 chunks of flesh


   Skills:
 + Level 5.7 Fighting
 + Level 5.8 Short Blades
 + Level 5.3 Long Blades
 + Level 5.4 Axes
 + Level 5.4 Maces & Flails
 + Level 5.3 Polearms
 + Level 5.3 Staves
 + Level 5.5 Slings
 + Level 5.0 Bows
 + Level 5.4 Crossbows
 + Level 5.0 Throwing
 + Level 5.9 Armour
 + Level 7.2 Dodging
 + Level 7.1 Stealth
   Level 0.0 Stabbing
 + Level 6.0 Shields
   Level 0.0 Traps
 + Level 5.4 Unarmed Combat
 + Level 7.0 Spellcasting
 + Level 5.3 Conjurations
 + Level 5.5 Hexes
 + Level 5.1 Charms
 + Level 10.0 Summonings
 + Level 5.3 Necromancy
 + Level 5.4 Translocations
 + Level 5.0 Transmutations
 + Level 5.9 Fire Magic
 + Level 5.3 Ice Magic
 + Level 5.5 Air Magic
 + Level 6.2 Earth Magic
 + Level 6.0 Poison Magic
 + Level 5.0 Invocations
 + Level 4.7 Evocations


You had 8 spell levels left.
You knew the following spells:

 Your Spells              Type           Power        Failure   Level  Hunger
a - Summon Small Mammal   Summ           ####         1%          1    None
b - Call Canine Familiar  Summ           #####...     1%          3    ##.....
c - Summon Lightning Spi  Summ/Air       ####....     4%          4    ####...
d - Summon Ice Beast      Ice/Summ       ####....     4%          4    ####...


Dungeon Overview and Level Annotations

Branches:
Dungeon (1/1)

Altars:
Ashenzari
Cheibriados
Dithmenos
Elyvilon
Fedhas
Gozag
Hepliaklqana
Kikubaaqudgha
Makhleb
Nemelex Xobeh
Okawaru
Qazlal
Ru
Sif Muna
Trog
Uskayaw
Vehumet
Wu Jian
Xom
Yredelemnul
Zin
The Shining One
Beogh
Jiyva
Lugonu


Innate Abilities, Weirdness & Mutations

Your experience applies equally to all skills.
You have very sharp teeth.
Your uncanny sense of smell can sniff out nearby items.


Message History

Aim: a demonic crawler (moderately wounded, clinging)
You reach to attack!
You barely miss the demonic crawler.
The demonic crawler is moderately wounded.
Your ice beast hits the death yak but does no damage.
Attack whom?
Press: ? - help, Dir - move target cursor, f/p - demonic crawler
Aim: a demonic crawler (moderately wounded, clinging)
You reach to attack!
You barely miss the demonic crawler.
The demonic crawler is moderately wounded.
Your ice beast completely misses the death yak.
Attack whom?
Press: ? - help, Dir - move target cursor, f/p - demonic crawler
Aim: a demonic crawler (moderately wounded, clinging)
You barely miss the demonic crawler.
You bite the demonic crawler, but do no damage.
The demonic crawler is moderately wounded.
The demonic crawler hits you.
* * * LOW HITPOINT WARNING * * *
The demonic crawler closely misses you. The demonic crawler hits you!
You die...

#.#..#...#÷#####'#####++
#.#..#####.##.......#
#.#..'...#.##.....p.#
#.#..'...'.##.......#
#.#..########†..<.p.#
#.#..'..))[##.[.....#
#.#..#.).)[##..[....#
#)###########......p#
#†)#.#.##8@##########
#).))...#s## ###
##.#.#.##Y# ...#∆∆∆∆
#.......#)#....#∆∆∆∆
##.#.#.##Y†....+∆∆∆∆
#.......#'#....#∆∆∆∆
##.#.#..'.# ...#∆∆∆∆
########## ###


You could see a death yak, a demonic crawler, a friendly ice beast and a
friendly lightning spire.

Vanquished Creatures
  A warg (D)
  A slave (D)
  A gnoll shaman (D)
  A worker ant (D)
  3 gnolls (D)
  2 orcs (D)
  A bat (D)
  3 jackals (D)
  A quokka (D)
14 creatures vanquished.

Vanquished Creatures (collateral kills)
  Pikel (D)
  A red devil (D)
  A necrophage (D)
  An orc wizard (D)
  An orc priest (D)
  A worker ant (D)
  A mummy (D)
  A gnoll (D)
  A river rat (D)
  A worm (D)
  A leopard gecko (D)
  An orc (D)
  A goblin (D)
  5 jackals (D)
  A frilled lizard (D)
19 creatures vanquished.

Grand Total: 33 creatures vanquished

Notes
Turn   | Place    | Note
-------+----------+-------------------------------------------
     0 | D        | minicreteconcrete the Gnoll Summoner began the quest for the Orb.
     0 | D        | Reached XP level 1. HP: 13/13 MP: 6/6
    17 | D        | Reached skill level 1 in Fighting
    17 | D        | Reached skill level 1 in Long Blades
    17 | D        | Reached skill level 1 in Slings
    17 | D        | Reached skill level 1 in Unarmed Combat
    17 | D        | Reached skill level 5 in Spellcasting
    17 | D        | Reached skill level 1 in Conjurations
    17 | D        | Reached skill level 1 in Hexes
    17 | D        | Reached skill level 1 in Fire Magic
    57 | D        | Found a glowing golden altar of the Shining One.
    57 | D        | Found a glowing silver altar of Zin.
    57 | D        | Found a basalt altar of Yredelemnul.
    57 | D        | Found a shimmering altar of Xom.
    57 | D        | Found an ornate altar of the Wu Jian Council.
    57 | D        | Found a bloodstained altar of Trog.
    57 | D        | Found a deep blue altar of Sif Muna.
    57 | D        | Found a sacrificial altar of Ru.
    57 | D        | Found a stormy altar of Qazlal.
    57 | D        | Found an iron altar of Okawaru.
    57 | D        | Found a sparkling altar of Nemelex Xobeh.
    57 | D        | Found a burning altar of Makhleb.
    57 | D        | Found a viscous altar of Jiyva.
    57 | D        | Found a hazy altar of Hepliaklqana.
    57 | D        | Found an opulent altar of Gozag.
    57 | D        | Found a blossoming altar of Fedhas.
    57 | D        | Found a white marble altar of Elyvilon.
    57 | D        | Found a shadowy altar of Dithmenos.
    57 | D        | Found a snail-covered altar of Cheibriados.
    58 | D        | Found a radiant altar of Vehumet.
    58 | D        | Found a corrupted altar of Lugonu.
    58 | D        | Found a roughly hewn altar of Beogh.
    59 | D        | Found an ancient bone altar of Kikubaaqudgha.
    59 | D        | Found a hide-covered altar of Uskayaw.
    59 | D        | Found a shattered altar of Ashenzari.
    60 | D        | Became a worshipper of Sif Muna the Loreminder
    67 | D        | Noticed a worker ant
    90 | D        | Killed a worker ant
    90 | D        | Reached skill level 1 in Polearms
    90 | D        | Reached skill level 1 in Throwing
    90 | D        | Reached skill level 1 in Necromancy
    90 | D        | Reached skill level 1 in Ice Magic
    90 | D        | Reached skill level 1 in Air Magic
    90 | D        | Reached skill level 1 in Invocations
    90 | D        | Reached XP level 2. HP: 3/22 MP: 1/8
    90 | D        | Reached XP level 3. HP: 4/27 MP: 1/9
    91 | D        | Reached skill level 1 in Maces & Flails
    91 | D        | Reached skill level 1 in Crossbows
   102 | D        | Learned a level 3 spell: Call Canine Familiar
   115 | D        | Reached skill level 5 in Dodging
   115 | D        | Reached skill level 1 in Transmutations
   122 | D        | Reached * piety under Sif Muna
   133 | D        | Noticed a slave
   133 | D        | Noticed a slave
   133 | D        | Noticed a slave
   133 | D        | Noticed a slave
   136 | D        | Noticed Pikel
   185 | D        | Killed a slave
   244 | D        | Killed Pikel
   244 | D        | Reached ** piety under Sif Muna
   244 | D        | Reached skill level 9 in Summonings
   244 | D        | Reached skill level 5 in Earth Magic
   244 | D        | Reached XP level 4. HP: 17/38 MP: 3/12
   244 | D        | Reached XP level 5. HP: 19/43 MP: 3/14
   244 | D        | Reached XP level 6. HP: 22/49 MP: 3/15
   329 | D        | Learned a level 4 spell: Summon Lightning Spire
   335 | D        | Learned a level 4 spell: Summon Ice Beast
   366 | D        | Reached *** piety under Sif Muna
   369 | D        | Reached skill level 5 in Fire Magic
   369 | D        | Reached skill level 5 in Poison Magic
   383 | D        | Noticed a necrophage
   386 | D        | Reached skill level 5 in Armour
   386 | D        | Reached skill level 5 in Shields
   389 | D        | Killed a necrophage
   389 | D        | Reached skill level 5 in Fighting
   389 | D        | Reached skill level 5 in Slings
   389 | D        | Reached skill level 5 in Air Magic
   399 | D        | Reached skill level 5 in Hexes
   399 | D        | Reached XP level 7. HP: 47/56 MP: 0/17
   410 | D        | Reached **** piety under Sif Muna
   412 | D        | Noticed a red devil
   447 | D        | Killed a red devil
   447 | D        | Reached skill level 5 in Short Blades
   447 | D        | Reached skill level 5 in Long Blades
   447 | D        | Reached skill level 5 in Axes
   447 | D        | Reached skill level 5 in Maces & Flails
   447 | D        | Reached skill level 5 in Polearms
   447 | D        | Reached skill level 5 in Crossbows
   447 | D        | Reached skill level 5 in Unarmed Combat
   447 | D        | Reached skill level 5 in Necromancy
   473 | D        | Reached skill level 5 in Translocations
   473 | D        | Reached skill level 5 in Staves
   473 | D        | Reached skill level 5 in Conjurations
   473 | D        | Reached skill level 5 in Ice Magic
   476 | D        | Noticed a warg
   476 | D        | Noticed a death yak
   476 | D        | Noticed a demonic crawler
   478 | D        | Killed a warg
   478 | D        | Reached skill level 5 in Bows
   478 | D        | Reached skill level 5 in Throwing
   478 | D        | Reached skill level 5 in Charms
   478 | D        | Reached skill level 10 in Summonings
   478 | D        | Reached skill level 5 in Transmutations
   478 | D        | Reached skill level 5 in Invocations
   495 | D        | Slain by a demonic crawler

Vault maps used:
D:        pitsprint

Skill      XL: |  1  2  3  4  5  6  7 |
---------------+----------------------+-----
Fighting       | 2 4 5 |  5.7
Long Blades    | 1 4 5 |  5.3
Slings         | 1 4 5 |  5.5
Unarmed Combat | 1 4 5 |  5.4
Spellcasting   | 5 6 7 |  7.0
Conjurations   | 1 4 5 |  5.3
Hexes          | 2 4 5 |  5.5
Fire Magic     | 2 4 5 |  5.9
Short Blades   | 2 4 5 |  5.8
Axes           | 2 4 5 |  5.4
Polearms       | 1 4 5 |  5.3
Bows           | 2 4 5 |  5.0
Throwing       | 1 4 5 |  5.0
Armour         | 2 4 5 |  5.9
Shields        | 2 4 5 6 |  6.0
Necromancy     | 1 4 5 |  5.3
Ice Magic      | 1 4 5 |  5.3
Air Magic      | 1 4 5 |  5.5
Earth Magic    | 2 5 6 |  6.2
Poison Magic   | 2 4 5 6 |  6.0
Invocations    | 1 4 5 |  5.0
Maces & Flails | 4 5 |  5.4
Crossbows      | 4 5 |  5.4
Dodging        | 6 7 |  7.2
Transmutations | 4 5 |  5.0
Staves         | 3 4 5 |  5.3
Stealth        | 6 7 |  7.1
Charms         | 3 4 5 |  5.1
Summonings     | 9 10 | 10.0
Translocations | 3 4 5 |  5.4
Evocations     | 3 4 |  4.7

Action                   |  1- 3 |  4- 6 |  7- 9 || total
-------------------------+-------+-------+-------++-------
Melee: Trident           |    27 |    17 |     2 ||    46
       Demon trident     |       |       |     8 ||     8
       Bite              |       |       |     1 ||     1
 Cast: Summon Small Mamm |    15 |       |       ||    15
       Call Canine Famil |     4 |       |     1 ||     5
       Summon Lightning  |       |     3 |     4 ||     7
       Summon Ice Beast  |       |     1 |     7 ||     8
Invok: Channel Magic     |       |       |     4 ||     4
  Use: Potion            |     3 |       |     1 ||     4
       Scroll            |     1 |       |     1 ||     2
 Stab: Distracted        |       |       |     1 ||     1
  Eat: Chunk             |       |       |     2 ||     2
Armor: Robe              |     3 |     2 |       ||     5
Dodge: Dodged            |    27 |     8 |     2 ||    37

Table legend:
 A = Spawn XP
 B = Non-spawn XP
 C = Spawn XP percentage of total XP
 D = Spawn monster count
 E = Non-spawn monster count
 F = Spawn count percentage of total count
 G = Total turns spent on level
                    A         B        C        D         E        F      G
               +---------+---------+-------+---------+---------+-------+---------
         Total |       0 |     980 |   0.0 |       0 |      32 |   0.0 |   495
               +---------+---------+-------+---------+---------+-------+---------
             D |       0 |     980 |   0.0 |       0 |      32 |   0.0 |   495
               +---------+---------+-------+---------+---------+-------+---------
